Map: Oxide LE

Players

Elazer

  • Race: Zerg Zerg
  • Spawn Location: 1:00

Armani - Winner!

  • Race: Zerg Zerg
  • Spawn Location: 7:00

Event: IEM Katowice 2021

VOD

Have the link to the VOD?

Description

Time

  • Played on: Feb. 20, 2021, 12:22 p.m.
  • Length: 8:43

All games in this series

Show
View Real Time Build Order
Export as new Build Order

Elazer Zerg 

Build Orders: Hatch First 

Get SALT Encoding   

  12  0:00  Drone  
  13  0:13  Overlord  
  13  0:17  Drone  
  14  0:32  Drone  
  14  0:33  Drone  
  16  0:49  Hatchery  
  15  0:52  Drone  
  15  0:55  Drone  
  17  0:58  Drone  
  18  1:09  Extractor  
  17  1:14  Spawning Pool  
  17  1:18  Drone  
  17  1:21  Drone  
  18  1:30  Drone  
  19  1:40  Drone  
  20  1:51  Drone  
  21  2:01  Drone, Queen x2  
  23  2:02  Overlord  
  26  2:11  Metabolic Boost  
  26  2:12  Drone  
  26  2:14  Zergling x2  
  28  2:23  Drone x2  
  30  2:34  Hatchery  
  30  2:35  Drone  
  30  2:38  Zergling x2  
  31  2:47  Drone x2  
  31  2:50  Baneling Nest  
  32  2:55  Overlord  
  32  2:56  Drone  
  33  3:05  Drone  
  34  3:06  Drone  
  34  3:12  Overlord  
  35  3:14  Drone x5  
  40  3:21  Queen  
  40  3:23  Drone  
  40  3:25  Drone  
  44  3:29  Evolution Chamber  
  44  3:36  Overlord  
  44  3:38  Drone  
  45  3:44  Zergling x12  
  51  3:49  Zergling x2  
  51  3:50  Zergling x2  
  53  3:59  Zergling x6  
  56  4:04  Zerg Missile Weapons Level 1  
  56  4:07  Overlord  
  55  4:12  Zergling x4  
  55  4:13  Roach Warren, Lair  
  56  4:20  Zergling x6  
  59  4:25  Overlord  
  59  4:26  Zergling x2  
  59  4:31  Zergling x6  
  62  4:38  Overlord  
  62  4:46  Overlord  
  62  4:48  Hatchery  
  61  4:56  Roach x4  
  69  5:06  Drone  
  70  5:11  Drone x4  
  70  5:12  Glial Reconstitution  
  70  5:13  Extractor  
  70  5:18  Overlord  
  70  5:21  Drone  
  71  5:26  Drone x3  
  73  5:31  Queen x2  
  73  5:32  Extractor  
  73  5:33  Overlord  
  76  5:37  Drone  
  76  5:38  Overseer, Drone x3  
  80  5:43  Drone x2  
  82  5:56  Overlord  
  82  5:58  Drone  
  82  5:59  Drone, Queen  
  86  6:06  Drone x3, Queen  
  86  6:11  Zerg Missile Weapons Level 2  
  91  6:13  Roach  
  91  6:14  Roach x3  
  91  6:18  Overlord  
  99  6:22  Roach x2  
  103  6:30  Overlord  
  103  6:31  Drone x2  
  105  6:35  Drone  
  105  6:37  Extractor x2  
  104  6:43  Drone x10  
  114  6:50  Extractor  
  114  6:51  Drone x3  
  116  6:59  Overlord  
  116  7:05  Roach x2  
  120  7:09  Overlord  
  120  7:13  Roach x5  
  120  7:15  Hatchery  
  128  7:19  Roach x2  
  128  7:20  Roach x2  
  128  7:22  Overlord  
  134  7:24  Roach x2  
  138  7:32  Overlord  
  138  7:34  Roach  
  140  7:40  Roach x6  
  151  7:44  Roach x2  
  151  7:46  Ravager x4  
  151  7:47  Overlord  
  159  7:51  Roach  
  159  7:57  Spine Crawler x2, Roach  
  159  7:58  Spine Crawler, Roach  
  157  7:59  Spine Crawler  
  151  8:05  Roach  
  151  8:06  Roach x5  
  151  8:09  Roach x2  
  161  8:19  Roach Warren  
Show
View Real Time Build Order
Export as new Build Order

Armani Zerg - Winner!

Build Orders: Hatch First 

Get SALT Encoding   

  12  0:01  Drone  
  13  0:13  Overlord  
  13  0:17  Drone  
  14  0:31  Drone  
  14  0:32  Drone  
  16  0:48  Hatchery  
  15  0:51  Drone  
  15  0:55  Drone  
  17  0:58  Drone  
  18  1:08  Extractor  
  17  1:14  Spawning Pool  
  17  1:17  Drone  
  17  1:20  Drone  
  18  1:29  Drone  
  19  1:39  Drone  
  20  1:50  Drone  
  21  2:01  Queen x2  
  25  2:02  Zergling x2  
  25  2:03  Overlord  
  26  2:10  Metabolic Boost  
  26  2:12  Drone x2  
  28  2:22  Drone x2  
  30  2:36  Drone, Queen  
  30  2:37  Drone  
  34  2:43  Overlord  
  34  2:50  Overlord  
  34  2:54  Drone x2  
  34  2:58  Evolution Chamber  
  35  3:15  Zergling x16  
  42  3:23  Zergling x2  
  42  3:24  Zergling x2  
  42  3:26  Zerg Ground Armor Level 1  
  44  3:36  Zergling x4  
  44  3:38  Roach Warren  
  45  3:44  Zergling x6  
  48  3:49  Zergling x4  
  48  3:52  Overlord  
  50  4:01  Zergling x2  
  51  4:05  Hatchery  
  50  4:12  Drone x4  
  54  4:19  Drone  
  55  4:24  Drone  
  55  4:25  Drone  
  55  4:26  Drone x2  
  55  4:27  Drone  
  55  4:28  Drone  
  55  4:30  Overlord, Drone  
  60  4:40  Overlord  
  60  4:49  Zergling x2  
  60  4:50  Zergling x2  
  60  4:52  Extractor  
  61  4:55  Zergling x2  
  62  5:03  Zergling x2  
  62  5:04  Zergling x8  
  67  5:08  Overlord  
  67  5:15  Lair  
  67  5:20  Drone x3  
  70  5:22  Extractor  
  70  5:23  Zerg Missile Weapons Level 1  
  70  5:25  Overlord  
  68  5:36  Drone x2  
  68  5:39  Drone x2  
  68  5:40  Drone x4  
  68  5:41  Drone  
  77  5:51  Drone  
  77  5:52  Drone x2  
  77  5:55  Extractor  
  78  6:04  Drone x5  
  78  6:05  Extractor  
  78  6:10  Overlord x3  
  82  6:11  Overlord  
  82  6:17  Glial Reconstitution  
  82  6:22  Overseer  
  82  6:23  Overseer  
  88  6:25  Roach x3  
  88  6:26  Overlord  
  88  6:27  Overlord  
  88  6:29  Roach x3  
  88  6:30  Roach  
  96  6:34  Roach x7  
  110  6:44  Roach x3  
  116  6:47  Roach  
  116  6:51  Roach  
  120  6:56  Roach x4  
  130  7:01  Roach  
  130  7:08  Overlord x4  
  130  7:09  Nydus Network  
  129  7:18  Roach x4  
  137  7:23  Overlord x2  
  137  7:28  Roach x4  
  145  7:32  Roach x2  
  149  7:37  Roach  
  149  7:39  Roach  
  153  7:45  Roach  
  153  7:50  Roach  
  157  7:55  Nydus Canal  
  157  7:56  Roach x6  
  166  7:59  Roach  
  166  8:00  Roach  
  166  8:01  Roach  
  166  8:04  Roach  
  172  8:06  Roach  
  172  8:08  Roach  
  172  8:12  Roach  
  176  8:13  Roach  
  176  8:19  Roach  
  171  8:20  Roach  
  171  8:22  Roach  

Tags
 
Add a new tag
Caveats
  • Supply blocks, unpowered buildings, or Contaminate may cause inaccurate times.
  • Supply counts are checked every 10 seconds.